 Dungeon Crawl Stone Soup version 0.31.0-32-g396128a36d (webtiles) character file.

Game seed: 7024707009620124028

667 spaghetti the Magician (level 7, -3/55 HPs)
             Began as a Naga Air Elementalist on Mar 11, 2024.
             Was a Believer of the Shining One.
             Slain by a sky beast (5 damage)
             ... on level 6 of the Dungeon.
             The game lasted 00:05:12 (3562 turns).

spaghetti the Magician (Naga Air Elementalist)      Turns: 3562, Time: 00:05:12

Health: -3/55      AC:  6    Str: 11    XL:     7   Next: 57%
Magic:  17/17      EV:  9    Int: 17    God:    the Shining One [**....]
Gold:   125        SH:  0    Dex: 11    Spells: 19/20 levels left

rFire   . . .        (no weapon)
rCold   . . .        (no shield)
rNeg    + . .        a - +0 robe
rPois   +            (no helmet)
rElec   .            (no cloak)
rCorr   +            s - +2 pair of gloves
SInv    +            (no barding)
Will    .....        p - amulet of faith
Stlth   +            r - ring of resist corrosion
HPRegen 0.29/turn    (no ring)
MPRegen 0.15/turn

%: faith
@: glowing, very slow
A: AC +2, large, see invisible, deformed body, poison resistance, slowness 2,
spit poison 1, naga tail 1, MP-powered wands
a: Spit Poison, Renounce Religion, Divine Shield


You were on level 6 of the Dungeon.
You worshipped the Shining One.
The Shining One was pleased with you.
You visited 1 branch of the dungeon, and saw 5 of its levels.

You collected 125 gold pieces.

Inventory:

Missiles
 e - a throwing net
Armour
 a - a +0 robe (worn)
 s - a +2 pair of gloves (worn)
Jewellery
 d - an amulet of magic regeneration
 p - an amulet of faith (around neck)
 r - a ring of resist corrosion (left hand)
Scrolls
 c - a scroll of amnesia {unknown}
 f - 4 scrolls of identify {unknown}
 g - 5 scrolls of poison {unknown}
 j - a scroll of enchant weapon {unknown}
 k - a scroll of enchant armour {unknown}
 l - a scroll of teleportation {unknown}
Potions
 b - a potion of magic
 h - a potion of brilliance
 n - 2 potions of curing


   Skills:
 - Level 1.5 Dodging
 - Level 3.0 Stealth
 + Level 7.4 Spellcasting
 - Level 1.0 Conjurations
 - Level 3.4 Air Magic


You had 19 spell levels left.
You knew the following spells:

 Your Spells              Type           Power      Damage    Failure   Level
a - Shock                 Conj/Air       52%        1d6       4%          1

Your spell library contained the following spells:

 Spells                   Type           Power      Damage    Failure   Level
 Static Discharge         Conj/Air       26%        3-5/arc   7%          2
 Swiftness                Air            17%        N/A       9%          3
 Sandblast                Erth           12%        2d6       11%         1
 Hailstorm                Conj/Ice       8%         3d5       26%         3
 Stone Arrow              Conj/Erth      16%        3d8       26%         3
 Airstrike                Air            8%         2d(2-18)  26%         4
 Passwall                 Erth           6%         N/A       32%         3
 Summon Ice Beast         Ice/Summ       6%         N/A       32%         3
 Brom's Barrelling Bould  Conj/Erth      8%         2d3       65%         4
 Sculpt Simulacrum        Ice/Alch       3%         N/A       100%        6


Dungeon Overview and Level Annotations

Branches:
Dungeon (6/15)
 Temple: D:4-7

Altars:
Nemelex Xobeh
The Shining One

Annotations:
D:4 1 runed translucent door, Crazy Yiuf


Innate Abilities, Weirdness & Mutations

Your serpentine skin is tough. (AC +2)
You have supernaturally acute eyesight. (SInv)
Armour fits poorly on your strangely shaped body.
Your system is resistant to poisons. (rPois)
You cover ground very slowly.
You can spit poison.
You have a snake-like lower body.
You expend magic power (3 MP) to strengthen your wands.


Message History

The sky beast is severely wounded.
The sky beast hits you. The sky beast shocks you.
Unknown command.
You hit the sky beast but do no damage.
The sky beast is severely wounded.
The sky beast hits you but does no damage.
You hit the sky beast but do no damage.
The sky beast is severely wounded.
The sky beast closely misses you.
You closely miss the sky beast.
The sky beast is severely wounded.
The sky beast hits you but does no damage.
You hit the sky beast but do no damage.
The sky beast is severely wounded.
The sky beast hits you. The sky beast shocks you.
* * * LOW HITPOINT WARNING * * *
You hit the sky beast.
The sky beast is severely wounded.
The sky beast hits you but does no damage.
You closely miss the sky beast.
The sky beast is severely wounded.
You have got your breath back.
The sky beast hits you but does no damage.
Aiming: Spit Poison (1% risk of failure)
Press: ? - help, Shift-Dir - straight line, f/p - sky beast
Aim: a sky beast (severely wounded, slightly transparent, very poisoned, haloed, 67% to hit)
You fail to use your ability.
The sky beast hits you.
* * * LOW HITPOINT WARNING * * *
The sky beast shocks you.
* * * LOW HITPOINT WARNING * * *
Unknown command.
You hit the sky beast.
The sky beast is almost dead.
The sky beast hits you but does no damage.
You hit the sky beast.
The sky beast is almost dead.
The sky beast hits you.
* * * LOW HITPOINT WARNING * * *
The sky beast shocks you.
You die...

## .. ##.## ####...##
########## #... .......
.........# #..## #...#
########.# ....# #.Y@### #.#
#...##....#...# #######.####
#...##.##...#.###...........
#...##.###.##.##.###.######.
#...#...##. #.#.## ##.### #.
# #.....# .. #.#.# #...# #.
###. ##).#...### #.#.##
##.#.# #. ....##...#
######.##.###.##.# #.
#####..#....#
#....>.....###.###.


You could see a sky beast (invisible, very poisoned).

Vanquished Creatures
  Sigmund (D:3)
  An ice beast (D:6)
  An ogre (D:6)
  A phantom (D:6)
  A scorpion (D:4)
  A hound (D:6)
  3 adders
  3 gnolls (D:3)
  A white imp (D:6)
  2 dart slugs
  3 ribbon worms
  5 orcs (D:3)
  7 ball pythons
  3 endoplasms
  6 goblins
  5 hobgoblins
  7 jackals
  6 quokkas
  14 bats
  2 frilled lizards
  6 kobolds
  11 rats
90 creatures vanquished.

Notes
Turn   | Place    | Note
-------+----------+-------------------------------------------
     0 | D:1      | spaghetti the Naga Air Elementalist began the quest for the
                  | Orb.
     0 | D:1      | Reached XP level 1. HP: 15/15 MP: 3/3
   277 | D:1      | Reached XP level 2. HP: 22/22 MP: 0/5
   545 | D:1      | Reached XP level 3. HP: 26/28 MP: 2/7
   564 | D:1      | Found a faded altar of an unknown god.
   635 | D:1      | Prayed at the altar of an unknown god.
   635 | D:1      | Became a worshipper of the Shining One
   635 | D:1      | Reached * piety under the Shining One
   756 | D:1      | Reached skill level 3 in Spellcasting
  1636 | D:2      | Found a glowing golden altar of the Shining One.
  1890 | D:3      | Noticed Sigmund
  1939 | D:3      | Reached XP level 4. HP: 36/36 MP: 7/9
  2015 | D:3      | Killed Sigmund
  2016 | D:3      | Reached skill level 5 in Spellcasting
  2016 | D:3      | Reached XP level 5. HP: 31/42 MP: 5/12
  2016 | D:3      | Reached XP level 6. HP: 37/49 MP: 5/14
  2082 | D:3      | Reached ** piety under the Shining One
  2328 | D:3      | Found a sparkling altar of Nemelex Xobeh.
  2654 | D:4      | Found a runed translucent door.
  2655 | D:4      | Noticed Crazy Yiuf
  2749 | D:4      | Reached skill level 6 in Spellcasting
  2756 | D:4      | You fall into a shaft and drop 2 floors!
  2963 | D:6      | Reached XP level 7. HP: 37/55 MP: 4/17
  3317 | D:6      | Reached skill level 7 in Spellcasting
  3542 | D:6      | Gained mutation: You expend magic power (3 MP) to
                  | strengthen your wands. [potion of mutation]
  3562 | D:6      | HP: 2/55 [sky beast (3)]
  3562 | D:6      | Slain by a sky beast

Illustrated notes

Levels and vault maps discovered:
D:1:      onia_arrival_handbag, layout_loops_corners, basic_ecumenical_altar
D:2:      layout_loops_ring, basic_altar
D:3:      layout_rooms, nemelex_xobeh_ov_fountains_minmay, uniq_sigmund
D:4:      layout_basic, minmay_fractal_squares_diagonal_5, uniq_grinder,
          uniq_duvessa, uniq_crazy_yiuf_cottage
D:6:      layout_loops_ring, roderic_lattice_a

Skill      XL: |  1  2  3  4  5  6  7 |
---------------+----------------------+-----
Spellcasting   | 3 5 6 7 |  7.4
Dodging        | |  1.5
Stealth        | |  3.0
Conjurations   | |  1.0
Air Magic      | |  3.4

Action                     |  1- 3 |  4- 6 |  7- 9 || total
---------------------------+-------+-------+-------++-------
  Melee: Unarmed           |     4 |     3 |    24 ||    31
   Cast: Shock             |   120 |   121 |    23 ||   264
Ability: Spit Poison       |     5 |     6 |     8 ||    19
    Use: Potion            |       |     2 |     5 ||     7
 Armour: Robe              |    43 |    30 |    28 ||   101
  Dodge: Dodged            |    23 |    26 |    16 ||    65
